 Dungeon Crawl Stone Soup version 0.28-a0-577-gb193047a1f (webtiles) character file.

Game seed: 7725243733936467332

1702 siradein the Sneak (level 8, -5/36 HPs)
             Began as a Spriggan Conjurer on Oct 1, 2021.
             Was an Initiate of Hepliaklqana.
             Slain by a killer bee (8 damage)
             ... on level 6 of the Dungeon.
             The game lasted 00:53:22 (9296 turns).

siradein the Sneak (Spriggan Conjurer)              Turns: 9296, Time: 00:53:22

Health: -5/36      AC:  2    Str:  3    XL:     8   Next: 73%
Magic:  9/18       EV: 24    Int: 21    God:    Hepliaklqana [......]
Gold:   98         SH:  0    Dex: 14    Spells: 6/19 levels left

rFire   + . .      SeeInvis +   x - staff of fire
rCold   . . .      Faith    .   (shield currently unavailable)
rNeg    . . .      Spirit   .   a - +0 robe
rPois   +          Reflect  .   (helmet restricted)
rElec   .          Harm     .   (no cloak)
rCorr   .          Rampage  .   (gloves unavailable)
Will    +....                   (boots unavailable)
Stlth   ++++......              (no amulet)
HPRegen 0.12/turn               k - ring of poison resistance
MPRegen 0.16/turn               v - +4 ring of evasion

@: very quick
A: very small, no large weapons, unfitting armour, see invisible, speed 3
a: Renounce Religion


You were on level 6 of the Dungeon.
You worshipped Hepliaklqana.
Hepliaklqana was noncommittal.
You visited 2 branches of the dungeon, and saw 8 of its levels.
You also visited: Ossuary.

You collected 234 gold pieces.
You spent 136 gold pieces at shops.

Inventory:

Hand Weapons
 p - a +2 dagger of electrocution
Missiles
 g - 57 poisoned darts
 j - 2 throwing nets
Armour
 a - a +0 robe (worn)
Magical Staves
 x - a staff of fire (weapon)
Jewellery
 k - a ring of poison resistance (left hand)
 v - a +4 ring of evasion (right hand)
 w - an amulet of the acrobat
Wands
 o - a wand of polymorph (5)
 s - a wand of flame (23)
Scrolls
 c - 4 scrolls of teleportation {unknown}
 d - a scroll of amnesia {unknown}
 e - 2 scrolls of fear {unknown}
 h - 2 scrolls of holy word {unknown}
 n - 7 scrolls of noise {unknown}
 q - a scroll of enchant weapon {unknown}
 t - a scroll of brand weapon {unknown}
 u - a scroll of acquirement {unknown}
Potions
 b - 2 potions of brilliance
 f - a potion of invisibility {unknown}
 i - 6 potions of curing {unknown}
 l - 3 potions of cancellation {unknown}
 m - 2 potions of degeneration {unknown}
 r - a potion of heal wounds
 z - a potion of lignification {unknown}
 A - a potion of ambrosia {unknown}


   Skills:
 + Level 6.6 Dodging
 + Level 7.8 Stealth
 + Level 6.0 Spellcasting
 + Level 4.6 Conjurations
 + Level 4.2 Hexes
 + Level 2.3 Fire Magic
 + Level 1.1 Invocations
 + Level 4.3 Evocations


You had 6 spell levels left.
You knew the following spells:

 Your Spells              Type           Power      Damage    Failure   Level
a - Magic Dart            Conj           100%       1d8       1%          1
b - Searing Ray           Conj           50%        2d6       2%          2
c - Dazzling Flash        Conj/Hex       48%        N/A       4%          3
d - Fulminant Prism       Conj/Hex       12%        3d9       16%         4
e - Inner Flame           Hex/Fire       30%        N/A       8%          3

Your spell library contained the following spells:

 Spells                   Type           Power      Damage    Failure   Level
 Foxfire                  Conj/Fire      100%       2x1d9     2%          1
 Conjure Flame            Conj/Fire      31%        6-21      7%          3
 Portal Projectile        Hex/Tloc       30%        N/A       12%         3
 Flame Wave               Conj/Fire      31%        3d7       22%         4
 Call Canine Familiar     Summ           6%         N/A       28%         3
 Gell's Gravitas          Tloc           3%         N/A       28%         3
 Lesser Beckoning         Tloc           6%         N/A       28%         3
 Teleport Other           Tloc           6%         N/A       28%         3
 Iskenderun's Mystic Bla  Conj/Tloc      16%        2d5       36%         4
 Leda's Liquefaction      Hex/Erth       7%         N/A       38%         4
 Dispersal                Tloc           3%         N/A       100%        6


Dungeon Overview and Level Annotations

Branches:
Dungeon (7/15)             Temple (1/1) D:6         Ossuary (visited)

Altars:
Ashenzari
Cheibriados
Dithmenos
Elyvilon
Fedhas
Gozag
Hepliaklqana
Makhleb
Nemelex Xobeh
Okawaru
Qazlal
Sif Muna
Trog
Uskayaw
Vehumet
Wu Jian
Xom
Yredelemnul
Zin
The Shining One

Shops:
D:3 ?   D:4 =**!(


Innate Abilities, Weirdness & Mutations

You are very small and have problems with some larger weapons.
You are too small for most types of armour.
You have supernaturally acute eyesight. (SInv)
You cover ground extremely quickly. (Speed+++)


Message History

(Press . to maintain the ray.)
The killer bee misses you. x2; The killer bee closely misses you.
Unknown command.
The searing ray misses the killer bee.
The searing ray hits the killer bee!
The killer bee is heavily wounded.
The killer bee misses you. The killer bee stings you!
The killer bee stings you. The killer bee barely misses you.
The searing ray hits the killer bee.
The killer bee is severely wounded.
The searing ray hits the killer bee!
You kill the killer bee!
The killer bee misses you. The killer bee closely misses you.
The killer bee stings you.
* * * LOW HITPOINT WARNING * * *
The killer bee completely misses you.
The searing ray hits the killer bee!
You kill the killer bee!
You finish channelling your searing ray.
The killer bee completely misses you. The killer bee misses you.
You see here a killer bee corpse.
Casting: Searing Ray (safe; 2% risk of failure)
Confirm with . or Enter, or press ? or * to list all spells.
Aiming: Searing Ray (safe; 2% risk of failure)
Press: ? - help, Shift-Dir - straight line, f - killer bee
Aim: a killer bee (58% to hit)
The searing ray misses the killer bee. (Press . to maintain the ray.)
The killer bee misses you. The killer bee completely misses you.
The searing ray misses the killer bee.
The killer bee stings you.
* * * LOW HITPOINT WARNING * * *
The killer bee stings you.
* * * LOW HITPOINT WARNING * * *
The searing ray hits the killer bee.
The killer bee is moderately wounded.
The killer bee closely misses you. The killer bee barely misses you.
The searing ray hits the killer bee!
The killer bee is almost dead.
You finish channelling your searing ray.
The killer bee stings you!
You die...

....###
#≈≈##.#...#....##.......
.#.##
##≈.#.#..≈..∩...#########
.#.# #..#.###≈≈≈#..#.#
.#.# #.#...........#.#
.#.# #...####.#..#.#.###
...########.#
#.##.#.#.#.##
.<..........#
#.#.........#
#############
#.##.##+##.##
#@#..#...#).#
#y##.'...'.#######
#.#..#...#........
#.##.##'##.#.#####
#.#..........#
#.##.#.#.#.#.#
#.##.#####...# #.##.#
##### #######.##.####


You could see a killer bee.

Vanquished Creatures
  A sky beast (D:6)
  A black bear (D:5)
  A necrophage (D:5)
  3 ogres
  A bullfrog (D:5)
  A scorpion (D:6)
  A wyvern zombie (D:6)
  A water moccasin skeleton (D:5)
  2 killer bees (D:6)
  A bullfrog zombie (D:5)
  4 jellies (D:6)
  2 hounds
  A gnoll shaman (D:7)
  2 bullfrog skeletons
  3 iguanas
  2 mummies (Ossuary)
  Natasha (thrice) (D:3)
  A hound skeleton (D:5)
  A howler monkey zombie (D:5)
  5 adders
  11 gnolls
  2 white imps
  An ufetubus (D:6)
  5 worms
  5 dart slugs
  4 orcs
  11 ball pythons
  18 endoplasms
  14 giant cockroaches
  8 goblins
  8 hobgoblins
  4 jackals
  7 quokkas
  7 bats
  4 frilled lizards (D:2)
  4 kobolds
  8 rats
158 creatures vanquished.

Notes
Turn   | Place    | Note
-------+----------+-------------------------------------------
     0 | D:1      | siradein the Spriggan Conjurer began the quest for the Orb.
     0 | D:1      | Reached XP level 1. HP: 9/9 MP: 5/5
     2 | D:1      | Found a runed translucent door.
   273 | D:1      | Reached XP level 2. HP: 13/13 MP: 0/6
   423 | D:1      | Learned a level 2 spell: Searing Ray
   976 | D:1      | Found a faded altar of an unknown god.
  1116 | D:1      | Reached XP level 3. HP: 16/16 MP: 0/8
  1295 | D:1      | Reached skill level 4 in Stealth
  1674 | D:2      | Reached XP level 4. HP: 21/21 MP: 6/10
  1828 | D:2      | Learned a level 3 spell: Dazzling Flash
  2693 | D:2      | Reached XP level 5. HP: 24/24 MP: 5/12
  2813 | D:2      | Reached skill level 5 in Stealth
  3135 | D:3      | Learned a level 4 spell: Fulminant Prism
  3542 | D:3      | Found Miottep's Magic Scroll Emporium.
  3547 | D:3      | Bought a scroll of identify for 26 gold pieces
  3547 | D:3      | Bought a scroll of magic mapping for 45 gold pieces
  3721 | D:3      | Noticed Natasha
  3725 | D:3      | Killed Natasha
  3726 | D:3      | Reached skill level 1 in Hexes
  4084 | D:3      | Reached XP level 6. HP: 28/28 MP: 10/13
  4172 | D:3      | Noticed Natasha
  4314 | D:3      | Killed Natasha
  4436 | D:3      | Noticed Natasha
  4440 | D:3      | Killed Natasha
  4562 | D:4      | Found Nolyu's Distillery.
  4618 | D:4      | Found a sand-covered staircase.
  4625 | Ossuary  | Entered an ossuary
  4633 | Ossuary  | Reached skill level 1 in Evocations
  4944 | D:4      | Found Leqiu's Assorted Antiques.
  5013 | D:4      | Found Ucuch's Jewellery Emporium.
  5361 | D:4      | Found a glowing golden altar of the Shining One.
  5395 | D:4      | Bought a potion of heal wounds for 65 gold pieces
  5418 | D:4      | Found Bamos's Antique Weapon Shoppe.
  5604 | D:4      | Found Xeittudd's Lightly-Used Armoury.
  5686 | D:4      | Found a burning altar of Makhleb.
  5686 | D:4      | Noticed a green death
  5722 | D:4      | Found a burning altar of Makhleb.
  5976 | D:5      | Entered Level 5 of the Dungeon
  5981 | D:5      | Learned a level 3 spell: Inner Flame
  5997 | D:5      | Reached skill level 5 in Dodging
  6237 | D:5      | Reached skill level 6 in Stealth
  6237 | D:5      | Reached XP level 7. HP: 32/32 MP: 6/15
  6316 | D:5      | Reached skill level 5 in Spellcasting
  6433 | D:5      | Reached skill level 1 in Fire Magic
  6971 | D:5      | Identified the +6 ring mail "Haklyot" {Str+5}
  7016 | D:5      | Found a stormy altar of Qazlal.
  7016 | D:5      | Found an opulent altar of Gozag.
  7171 | D:5      | Found a shimmering blue altar of Sif Muna.
  7281 | D:5      | Reached XP level 8. HP: 30/36 MP: 13/17
  7427 | D:6      | Reached skill level 7 in Stealth
  8089 | D:6      | Found a staircase to the Ecumenical Temple.
  8104 | Temple   | Entered the Ecumenical Temple
  8234 | Temple   | Became a worshipper of Hepliaklqana the Forgotten
  8320 | D:6      | Found a broken altar of Ashenzari.
  8322 | D:6      | Found a bloodstained altar of Trog.
  8855 | D:7      | Reached skill level 1 in Invocations
  9296 | D:6      | Slain by a killer bee

Illustrated notes

Levels and vault maps discovered:
D:1:      dpeg_arrival_caged_fury, layout_rooms,
          shapermc_ecumenical_altar_notcrosses
D:2:      minmay_razor_zed, layout_basic
D:3:      minmay_diamond_boxcup, layout_basic, serial_shops, shop_scrolls,
          uniq_natasha
D:4:      layout_basic, mainiacjoe_overflow_alcove_2, makhleb_altar_promises_db,
          chequers_ossuary_entry_cave, serial_shops, shop, nicolae_shop_trees,
          nicolae_stop_n_shop_2, shop, minivault_19, columned_hall_lemuel,
          kennysheep_flooded_box, minmay_shop_damaged,
          kennysheep_decorative_pillar, palyth_stone_intersect
D:5:      layout_basic, gammafunk_temple_overflow_statue, lemuel_crystal_altar,
          kennysheep_generic_room_4
D:6:      layout_loops_ring, mainiacjoe_overflow_big_doors,
          minmay_temple_entry_fiery, chequers_serial_rivers_small_b,
          abandoned_shop, minmay_misc_feat_doors
D:7:      layout_gridville, lemuel_tele_altar
Temple:   cyrus_circular_temple

Skill      XL: |  1  2  3  4  5  6  7  8 |
---------------+-------------------------+-----
Conjurations   | 3 4 |  4.6
Dodging        | 3 4 5 6 |  6.6
Spellcasting   | 3 4 5 6 |  6.0
Stealth        | 4 5 6 7 |  7.8
Hexes          | 1 2 3 4 |  4.2
Evocations     | 1 3 4 |  4.3
Fire Magic     | 1 2 |  2.3
Invocations    | 1 |  1.1

Action                   |  1- 3 |  4- 6 |  7- 9 || total
-------------------------+-------+-------+-------++-------
Melee: Dagger            |    14 |     9 |       ||    23
 Cast: Magic Dart        |    85 |   133 |    51 ||   269
       Searing Ray       |     3 |    31 |    31 ||    65
       Inner Flame       |       |       |     6 ||     6
Evoke: Wand              |       |     2 |       ||     2
  Use: Scroll            |       |     2 |       ||     2
Armor: Robe              |     7 |     5 |     2 ||    14
Dodge: Dodged            |    27 |    41 |    46 ||   114

Table legend: (Time is in decaauts)
 A = Elapsed time spent in this place.
 B = Non-inter-level travel time spent in this place.
 C = Inter-level travel time spent in this place.
 D = Time resting spent in this place.
 E = Time spent auto-exploring this place.
 F = Levels seen in this place.
 G = Mean time per level.
                   A        B        C        D        E       F      G
               +--------+--------+--------+--------+--------+-----+--------+
         Total |   7604 |   7482 |    122 |    631 |   5686 |   9 |  844.9 |
       Dungeon |   7480 |   7358 |    122 |    625 |   5626 |   7 | 1068.6 |
        Temple |     97 |     97 |      0 |      0 |     60 |   1 |   97.0 |
       Ossuary |     26 |     26 |      0 |      6 |      0 |   1 |   26.0 |
               +--------+--------+--------+--------+--------+-----+--------+

Top non-repeatable levels by time:
     D:6: 1416 daAuts
     D:1: 1318 daAuts
     D:2: 1300 daAuts
     D:3: 1221 daAuts
     D:5: 1083 daAuts
     D:4: 1042 daAuts
  Temple: 97 daAuts
     D:7: 97 daAuts
 Ossuary: 26 daAuts
